 Dungeon Crawl Stone Soup version 0.31.0 (webtiles) character file.

Game seed: 1547147789178619144

579 Aldia the Covered (level 7, -1/60 HPs)
             Began as an Armataur Fighter on Jan 20, 2024.
             Slain by a gnoll sergeant
             ... wielding a +0 heavy spear
              (10 damage)
             ... on level 5 of the Dungeon.
             The game lasted 00:09:45 (3401 turns).

Aldia the Covered (Armataur Fighter)                Turns: 3401, Time: 00:09:46

Health: -1/60      AC: 11    Str: 24    XL:     7   Next: 13%
Magic:  7/7        EV:  6    Int:  8    God:
Gold:   145        SH:  5    Dex: 15    Spells: 6/6 levels left

rFire   . . .        p - +2 whip (drain)
rCold   . . .        c - +0 buckler
rNeg    . . .        y - +0 chain mail
rPois   .            r - +0 helmet
rElec   .            f - +0 cloak
rCorr   .            (no gloves)
SInv    .            (no barding)
Will    .....        (no amulet) Stlth
                     i - +6 ring of dexterity
HPRegen 0.95/turn    (no ring)
MPRegen 0.43/turn

%: roll
@: mighty
A: large, deformed body, tough skin 3, armoured tail, roll 2
a: no special abilities


You were on level 5 of the Dungeon.
You visited 1 branch of the dungeon, and saw 5 of its levels.

You collected 217 gold pieces.
You spent 72 gold pieces at shops.

Inventory:

Hand Weapons
 a - a +0 flail
 p - a +2 whip of draining (weapon)
 x - the +7 spear of Oxiodaum {flame, rC+ Str-2 Dex+5}
   (You found it on level 4 of the Dungeon)

   Str-2:     It affects your strength (-2).
   Dex+5:     It affects your dexterity (+5).
   rC+:       It protects you from cold.
 z - a +0 heavy flail
Missiles
 k - 2 throwing nets (quivered)
Armour
 b - a +0 scale mail
 c - a +0 buckler (worn)
 f - a +0 cloak (worn)
 r - a +0 helmet (worn)
 y - a +0 chain mail (worn)
Jewellery
 i - a +6 ring of dexterity (left hand)
Wands
 D - a wand of polymorph (4)
Scrolls
 e - a scroll of poison {unknown}
 g - a scroll of teleportation {unknown}
 j - a scroll of noise
 m - a scroll of vulnerability
 n - a scroll of fear {unknown}
 u - a scroll of enchant armour {unknown}
 A - a scroll of immolation {unknown}
 B - a scroll of enchant weapon {unknown}
 E - a scroll of fog {unknown}
Potions
 d - 2 potions of might
 h - 2 potions of curing
 l - 2 potions of enlightenment
 o - a potion of ambrosia
 q - a potion of berserk rage {unknown}
 s - 2 potions of lignification {unknown}
 t - a potion of invisibility {unknown}
 v - a potion of mutation {unknown}
 C - a potion of brilliance {unknown}


   Skills:
 + Level 4.3 Fighting
 * Level 5.2 Maces & Flails
 + Level 5.8 Armour
 - Level 3.2 Shields


You had 6 spell levels left.
You didn't know any spells.
Your spell library contained the following spells:

 Spells                   Type           Power      Damage    Failure   Level
 Sandblast                Erth           0%         2d4       95%         1
 Mercury Vapours          Alch/Air       0%         N/A       99%         2
 Mephitic Cloud           Conj/Alch/Air  0%         N/A       100%        3
 Passwall                 Erth           0%         N/A       100%        3
 Stone Arrow              Conj/Erth      0%         3d7       100%        3
 Brom's Barrelling Bould  Conj/Erth      0%         2d3       100%        4
 Olgreb's Toxic Radiance  Alch           0%         N/A       100%        4
 Freezing Cloud           Conj/Ice/Air   0%         6-21      100%        5
 Ozocubu's Refrigeration  Ice            0%         4d7       100%        7
 Discord                  Hex            0%         N/A       100%        8


Dungeon Overview and Level Annotations

Branches:
Dungeon (5/15)
 Temple: D:4-7

Altars:
Nemelex Xobeh
Zin

Shops:
D:3 [!=([   D:5 :

Annotations:
D:3 2 runed translucent doors, Daunt's ghost, weakling MiBe


Innate Abilities, Weirdness & Mutations

Armour fits poorly on your strangely shaped body.
You have extremely tough skin. (AC +3)
You have a long armoured tail.
You regenerate magic and health when rolling toward enemies. (Rampage Regen)


Message History

The gnoll is almost dead.
You hit the gnoll but do no damage. You drain the gnoll.
You kill the gnoll!
The gnoll sergeant closely misses you. The gnoll barely misses you.
You feel very mighty all of a sudden.
The gnoll hits you with a +2 vampiric spear.
* * * LOW HITPOINT WARNING * * *
The gnoll sergeant hits you with a +0 heavy spear!
* * * LOW HITPOINT WARNING * * *
You barely miss the gnoll. You block the gnoll's attack.
You barely miss the gnoll.
Your tail-slap misses the gnoll.
The gnoll sergeant hits you but does no damage.
You block the gnoll's attack.
You hit the gnoll.
Your tail-slap misses the gnoll.
The gnoll is heavily wounded.
The gnoll hits you with a +2 vampiric spear!
* * * LOW HITPOINT WARNING * * *
The gnoll draws strength from your wounds!
You feel much better.
The gnoll sergeant hits you with a +0 heavy spear.
* * * LOW HITPOINT WARNING * * *
You block the gnoll's attack.
You closely miss the gnoll. You tail-slap the gnoll.
The gnoll is moderately wounded.
The gnoll sergeant hits you with a +0 heavy spear.
* * * LOW HITPOINT WARNING * * *
The gnoll hits you but does no damage.
A white imp comes into view.
The white imp shouts!
You whack the gnoll!
You kill the gnoll!
You closely miss the gnoll sergeant. The gnoll sergeant barely misses you.
You whack the gnoll sergeant!
Your tail-slap misses the gnoll sergeant.
The gnoll sergeant is moderately wounded.
You whack the gnoll sergeant!
You tail-slap the gnoll sergeant, but do no damage.
The gnoll sergeant is heavily wounded.
The gnoll sergeant hits you with a +0 heavy spear!
You die...

....##.....#.....##...
....#......#........#.
#..........##......##.
#.........(...#....##.
.#.......#......##...#..
.....##..#..5...........
....# #.................
#.....#...../...........
......g@)...............
.#....)).##......##.....
#...........#..........
.....##..##.##..........
..##. .... ..##.......##
. . ...... .##........#
.. ...... ##......... ..
#...... ........#..
........#..


You could see a gnoll sergeant and a white imp.

Vanquished Creatures
  An ogre (D:5)
  3 hounds
  3 iguanas
  2 orc wizards (D:5)
  8 gnolls
  9 adders
  A river rat (D:3)
  A ribbon worm (D:3)
  A dart slug (D:1)
  15 orcs
  12 bats
  5 endoplasms
  3 giant cockroaches
  5 goblins
  4 hobgoblins
  5 jackals
  3 quokkas
  5 ball pythons
  4 frilled lizards
  7 kobolds
  6 rats
103 creatures vanquished.

Notes
Turn   | Place    | Note
-------+----------+-------------------------------------------
     0 | D:1      | Aldia the Armataur Fighter began the quest for the Orb.
     0 | D:1      | Reached XP level 1. HP: 18/18 MP: 1/1
   333 | D:1      | Reached XP level 2. HP: 25/25 MP: 2/2
   407 | D:1      | Found a faded altar of an unknown god.
   758 | D:2      | Reached XP level 3. HP: 29/31 MP: 3/3
  1085 | D:2      | Reached XP level 4. HP: 36/38 MP: 4/4
  1578 | D:3      | Found Owniorghe's Armour Shoppe.
  1664 | D:3      | Reached XP level 5. HP: 45/45 MP: 5/5
  1687 | D:3      | Found Imag's Jewellery Shoppe.
  1811 | D:3      | Found Enginkeu's Antique Weapon Shop.
  1971 | D:3      | Found Taydd's Distillery.
  1979 | D:3      | Bought a potion of heal wounds for 60 gold pieces
  1991 | D:3      | Bought a potion of degeneration for 12 gold pieces
  2024 | D:3      | Found a large runed translucent door.
  2025 | D:3      | Found a large runed translucent door.
  2025 | D:3      | Noticed Daunt's ghost (weakling MiBe)
  2198 | D:3      | Found Hacowell's Antique Armour Shop.
  2571 | D:4      | Identified the +7 spear of Oxiodaum {flame, rC+ Str-2
                  | Dex+5}
  2596 | D:4      | Found a sparkling altar of Nemelex Xobeh.
  2660 | D:4      | Reached skill level 5 in Armour
  2665 | D:4      | Reached XP level 6. HP: 50/52 MP: 6/6
  2859 | D:4      | Found a glowing silver altar of Zin.
  3188 | D:5      | Entered Level 5 of the Dungeon
  3272 | D:5      | Found Cabav's Self-Published Books.
  3289 | D:5      | Reached skill level 5 in Maces & Flails
  3299 | D:5      | Gained mutation: You regenerate magic and health when
                  | rolling toward enemies. (Rampage Regen) [Armataur growth]
  3299 | D:5      | Reached XP level 7. HP: 46/59 MP: 7/7
  3395 | D:5      | HP: 2/60 [gnoll/+2 vampiric spear[a gnoll sergeant] (7)]
  3401 | D:5      | Slain by a gnoll sergeant

Illustrated notes

Levels and vault maps discovered:
D:1:      dpeg_arrival_renting, layout_loops_ring,
          hellmonk_ecumenical_altar_pennies_from_heaven, roderic_roman_lattice
D:2:      layout_basic
D:3:      layout_basic, ebering_ghost_disaster_area, serial_shops,
          nicolae_shop_tiny_statue_garden, shop_statue,
          nicolae_shop_window_shopping, nicolae_shop_behind_doors,
          nicolae_shop_scrapyard, mainiacjoe_sewer_entry_somewhere_in_here_1,
          roderic_batcave, skrybe_limestone_x
D:4:      layout_basic, nicolae_overflow_crystal_walls,
          nemelex_dance_club_becter
D:5:      layout_cave_pools, chequers_serial_rivers_micro_b,
          nicolae_custom_books, serial_bayou_pond_c

Skill      XL: |  1  2  3  4  5  6 |
---------------+-------------------+-----
Maces & Flails | 2 3 4 5 |  5.2
Fighting       | 3 4 |  4.3
Armour         | 4 5 |  5.8
Shields        | |  3.2

Action                     |  1- 3 |  4- 6 |  7- 9 || total
---------------------------+-------+-------+-------++-------
  Melee: Flail             |    68 |       |       ||    68
         Tailslap          |     5 |    18 |     2 ||    25
         Whip              |     8 |   151 |    25 ||   184
         Spear             |       |    10 |       ||    10
    Use: Scroll            |       |     5 |       ||     5
         Potion            |       |       |     2 ||     2
 Armour: Scale mail        |    60 |   101 |       ||   161
         Chain mail        |       |     9 |    35 ||    44
  Dodge: Dodged            |    39 |    39 |     8 ||    86
  Block: Buckler           |    19 |    37 |     8 ||    64
